 Dungeon Crawl Stone Soup version 0.30.0-29-ga12c61a403 (webtiles) character file.

Game seed: 6354978623846695956

2 Bamboolord the Caller (level 1, 0/7 HPs)
             Began as a Felid Summoner on June 18, 2023.
             Slain by a ball python (3 damage)
             ... on level 1 of the Dungeon.
             The game lasted 00:00:53 (229 turns).

Bamboolord the Caller (Felid Summoner)               Turns: 229, Time: 00:00:53

Health: 0/7        AC:  1    Str:  4    XL:     1   Next: 25%
Magic:  2/4        EV: 17    Int: 16    God:
Gold:   0          SH:  0    Dex: 16    Spells: 3/4 levels left
                                        Lives:  0   Deaths: 0

rFire   . . .        (weapon unavailable)
rCold   . . .        (shield unavailable)
rNeg    . . .        (body armour unavailable)
rPois   .            (helmet unavailable)
rElec   .            (cloak unavailable)
rCorr   .            (gloves unavailable)
SInv    +            (boots unavailable)
Will    .....        (no amulet)
Stlth   ++           (no ring)
HPRegen 0.21/turn    (no ring)
MPRegen 0.09/turn

%: no passive effects
@: quick
A: very small, claws 1, fangs 3, see invisible, speed 1, shaggy fur 1, stealthy
paws, no weapons or thrown items, no armour, multi-lived
a: no special abilities


You were on level 1 of the Dungeon.
You visited 1 branch of the dungeon, and saw 1 of its levels.

Inventory:

Scrolls
 b - a scroll of enchant weapon {unknown}
Potions
 a - a potion of magic


   Skills:
 - Level 2.6 Dodging
 - Level 2.6 Stealth
 * Level 2.0 Spellcasting
 * Level 4.0 Summonings


You had 3 spell levels left.
You knew the following spells:

 Your Spells              Type           Power      Damage    Failure   Level
a - Summon Small Mammal   Summ           56%        N/A       4%          1

Your spell library contained the following spells:

 Spells                   Type           Power      Damage    Failure   Level
 Call Imp                 Summ           28%        N/A       6%          2
 Call Canine Familiar     Summ           14%        N/A       12%         3
 Summon Guardian Golem    Hex/Summ       8%         N/A       26%         3
 Summon Lightning Spire   Summ/Air       8%         N/A       65%         4


Dungeon Overview and Level Annotations

Branches:
Dungeon (1/15)

Altars:


Innate Abilities, Weirdness & Mutations

You have sharp claws.
You have razor-sharp teeth.
You have supernaturally acute eyesight. (SInv)
You cover ground quickly. (Speed+)
You are covered in fur. (AC +1)
Your paws help you pounce on unaware monsters.
You are incapable of wielding weapons or throwing items.
You cannot wear armour.
You gain extra lives every three experience levels.


Message History

The ball python grabs your bat. The ball python constricts your bat.
Your bat closely misses the ball python.
Your rat barely misses the ball python.
Your bat hits the ball python.
The ball python dies!
You swap places.
You see here a ball python corpse.
A kobold comes into view. It is wielding a +0 club.
A kobold is nearby!
Found a stone staircase leading down.
The kobold shouts!
You hear an angry hiss.
A ball python comes into view.
Your rat disappears in a puff of smoke!
The ball python bites you. The ball python completely misses you.
Casting: Summon Small Mammal (safe; 4% risk of failure)
Press: ? - help, Q - select action Dir - look around, f - activate The ball python closely misses you.
The ball python grabs you. The ball python constricts you.
The ball python bites you. The ball python constricts you.
You escape the ball python's grasp.
The kobold hits you with a +0 club.
* * * LOW HITPOINT WARNING * * *
Your rat bites the kobold but does no damage.
The kobold barely misses your rat.
Casting: Summon Small Mammal (safe; 4% risk of failure)
Press: ? - help, Q - select action Dir - look around, f - activate The kobold closely misses your rat.
Your rat closely misses the ball python.
The kobold barely misses your rat. Something hits your rat.
Your rat dies!
Your rat's corpse disappears in a puff of smoke!
Attack: -) Teeth and claws
Press: ? - help, Dir - move target, f - ball python
Aim: a ball python (ally target, about 42% to evade your paws)
Okay, then.
Unknown command.
Casting: Summon Small Mammal (safe; 4% risk of failure)
Press: ? - help, Q - select action Dir - look around, f - activate The ball python bites you.
You die...

....... .#..#
.......##.#..######
..........#.......#
........###..#.##.#
.......K.....#.#
#######.####.#.#
#.......#.#
#.K######.#
#ยง....rS@b#
#.######### #. #.
#. ##


You could see a ball python (ally target), a kobold, a friendly bat (summoned)
and a friendly rat (summoned).

Vanquished Creatures (collateral kills)
  A quokka (D:1)
  A ball python (D:1)
2 creatures vanquished.

Notes
Turn   | Place    | Note
-------+----------+-------------------------------------------
     0 | D:1      | Bamboolord the Felid Summoner began the quest for the Orb.
     0 | D:1      | Reached XP level 1. HP: 7/7 MP: 4/4
   229 | D:1      | Slain by a ball python

Illustrated notes

Levels and vault maps discovered:
D:1:      dpeg_arrival_chambers_temple_mockup, layout_basic,
          chequers_serial_rivers_large_a, st_stairs_6, minmay_tetromino_s4

Action                     || total
---------------------------++-------
   Cast: Summon Small Mamm ||    11
  Dodge: Dodged            ||     3
